 Dungeon Crawl Stone Soup version 0.25.1-2-g60ff931df9 (webtiles) character file.

Game seed: 1267473577384958912

684 DearestLeader the Geomancer (level 7, -5/36 HPs)
             Began as a Gargoyle Earth Elementalist on Oct 3, 2020.
             Slain by Edmund
             ... wielding a +5 flail of protection
              (6 damage)
             ... on level 4 of the Dungeon.
             The game lasted 00:09:33 (5150 turns).

DearestLeader the Geomancer (GrEE)                  Turns: 5150, Time: 00:09:34

Health: -5/36      AC: 10    Str: 11    XL:     7   Next: 62%
Magic:  1/10       EV: 12    Int: 18    God:
Gold:   209        SH:  0    Dex: 10    Spells: 5/11 levels left

rFire    . . .     SeeInvis .   l - +1 short sword (venom)
rCold    . . .     Gourm    .   (no shield)
rNeg     + . .     Faith    .   c - +1 robe
rPois    ∞         Spirit   .   w - +2 helmet
rElec    +         Reflect  .   (no cloak)
rCorr    .         Harm     .   (no gloves)
MR       .....     Rnd*Tele +   (no boots)
Stlth    ++........             (no amulet)
HPRegen  0.12/turn              q - ring of teleportation (curse)
MPRegen  0.12/turn              j - ring of wizardry

@: no status effects
A: negative energy resistance 1, electricity resistance, unbreathing,
petrification resistance, rot immunity, AC +4
a: no special abilities


You were on level 4 of the Dungeon.
You were hungry.

You visited 1 branch of the dungeon, and saw 4 of its levels.
You also visited: Sewer.

You collected 209 gold pieces.

Inventory:

Hand Weapons
 e - a +0 dagger
 l - a +1 short sword of venom (weapon)
Missiles
 b - 140 stones (quivered)
Armour
 c - a +1 robe (worn)
 w - a +2 helmet (worn)
Jewellery
 j - a ring of wizardry (right hand)
 n - an uncursed ring of stealth
 q - a cursed ring of teleportation (left hand)
Wands
 p - a wand of enslavement (5)
Scrolls
 a - 3 scrolls of teleportation
 x - a scroll of fog {unknown}
Potions
 f - 2 potions of mutation
 h - 9 potions of heal wounds
 i - 3 potions of flight
 k - a potion of degeneration {unknown}
 s - 2 potions of curing {unknown}
 t - a potion of brilliance {unknown}
 u - a potion of stabbing {unknown}
 v - 2 potions of might {unknown}
Comestibles
 d - 7 rations


   Skills:
 - Level 1.5 Dodging
 - Level 2.1 Stealth
 + Level 2.5 Spellcasting
 + Level 1.7 Conjurations
 - Level 0.7 Transmutations
 * Level 9.8 Earth Magic


You had 5 spell levels left.
You knew the following spells:

 Your Spells              Type           Power        Failure   Level  Hunger
a - Sandblast             Erth           #####.       1%          1    #......
b - Passwall              Tmut/Erth      ###.....     1%          2    ##.....
c - Stone Arrow           Conj/Erth      ###...       1%          3    ###....

Your spell library contained the following spells:

 Spells                   Type           Power        Failure   Level  Hunger
 Lee's Rapid Deconstruct  Erth           #####.....   3%          5    ######.
 Petrify                  Tmut/Erth      ###.....     8%          4    #####..


Dungeon Overview and Level Annotations

Branches:
Dungeon (4/15)              Sewer (visited)
 Temple: D:4-7

Altars:
Elyvilon
Okawaru
Ru
Uskayaw
Wu Jian

Annotations:
D:4 Edmund


Innate Abilities, Weirdness & Mutations

You are resistant to torment.
Your stone body is resilient. (AC +4)
You are immune to poison.
You resist negative energy. (rN+)
You are resistant to electric shocks. (rElec)
You can survive without breathing.
You are immune to petrification.
You are immune to rotting.


Message History

You enter the shallow water.
Moving in this stuff is going to be slow.
Edmund asks, "Have you met my wondrous brother?"
Edmund grinds his teeth, and then sighs.
Found a scroll labeled OTECSA JENKEU.
You barely miss Edmund.
Edmund is almost dead.
Edmund hits you with a +5 flail of protection!
* * * LOW HITPOINT WARNING * * *
Casting: Sandblast (safe; 1% risk of failure)
Confirm with . or Enter, or press ? or * to list all spells.
Aiming: Sandblast (safe; 1% risk of failure)
Press: ? - help, Shift-Dir - straight line, f/p - Edmund
Aim: Edmund, wielding a +5 flail of protection and wearing a +0 ring mail (almost dead, poisoned)
The blast of sand hits Edmund but does no damage.
Edmund is almost dead.
b - 140 stones Edmund says, "People will remember me!
They'll remember me and die!"
Edmund hits you with a +5 flail of protection.
You die...

#############
#......o@@?.#
#.###!..###.#
#.#≈≈...≈≈#.#
#.#≈..♣..≈#.#
#........o..#
#...♣._.♣...#
#..........## ##
#####.#≈..♣..≈##
...#.....#≈≈..r≈≈#


You could see Edmund (poisoned) and an orc.

Vanquished Creatures
  An ogre (D:4)
  A centaur (D:4)
  2 big kobolds (Sewer)
  A howler monkey (D:2)
  A hound (D:4)
  Ijyb (D:3)
  A worker ant (D:4)
  Robin (D:3)
  7 gnolls
  4 adders
  2 oozes
  A worm (D:3)
  5 dart slugs
  3 leopard geckos
  5 orcs (D:2)
  13 bats
  8 giant cockroaches
  9 goblins
  16 hobgoblins
  9 jackals
  20 kobolds
  2 quokkas
  2 ball pythons
  6 frilled lizards
  8 rats
  A plant (Sewer)
130 creatures vanquished.

Notes
Turn   | Place    | Note
-------+----------+-------------------------------------------
     0 | D:1      | DearestLeader the Gargoyle Earth Elementalist began the
                  | quest for the Orb.
     0 | D:1      | Reached XP level 1. HP: 10/10 MP: 3/3
    40 | D:1      | Reached skill level 4 in Earth Magic
    69 | D:1      | Reached XP level 2. HP: 9/15 MP: 3/5
   650 | D:1      | Reached skill level 5 in Earth Magic
   650 | D:1      | Reached XP level 3. HP: 16/19 MP: 6/6
  1859 | D:2      | Reached XP level 4. HP: 19/24 MP: 1/7
  2034 | D:2      | Reached skill level 6 in Earth Magic
  2146 | D:2      | Found an ornate altar of the Wu Jian Council.
  2146 | D:2      | Found an iron altar of Okawaru.
  2150 | D:2      | Learned a level 2 spell: Passwall
  2154 | D:2      | Learned a level 3 spell: Stone Arrow
  2154 | D:2      | Found a sacrificial altar of Ru.
  2287 | D:2      | Reached XP level 5. HP: 20/28 MP: 5/8
  2535 | D:2      | Reached skill level 7 in Earth Magic
  3228 | D:3      | Noticed Robin
  3275 | D:3      | Killed Robin
  3619 | D:3      | Reached XP level 6. HP: 29/32 MP: 9/9
  3767 | D:3      | Noticed Ijyb
  3792 | D:3      | Killed Ijyb
  3792 | D:3      | Reached skill level 8 in Earth Magic
  3988 | D:4      | Reached skill level 9 in Earth Magic
  4151 | D:4      | Reached XP level 7. HP: 24/36 MP: 5/10
  4416 | D:4      | Found a glowing drain.
  4425 | Sewer    | Entered a sewer
  4714 | Sewer    | Reached skill level 1 in Conjurations
  5012 | D:4      | Noticed a -2 dagger
  5012 | D:4      | Noticed a +0 hand axe
  5014 | D:4      | Found a hide-covered altar of Uskayaw.
  5113 | D:4      | Noticed Edmund
  5122 | D:4      | Found a white marble altar of Elyvilon.
  5149 | D:4      | HP: 1/36 [Edmund/+5 flail of protection (12)]
  5150 | D:4      | Slain by Edmund

Illustrated notes

Levels and vault maps discovered:
D:1:      minmay_arrival_up_and_down, layout_loops_cross
D:2:      layout_basic, gammafunk_temple_overflow_forgotten, minmay_ruptured
D:3:      layout_loops_ring, first_ration, corner_web_ring, uniq_ijyb,
          uniq_robin
D:4:      layout_rooms, dancing_weapons_uskayaw, elyvilon_altar_4,
          nicolae_overflow_crystal_walls, portal_sewer_entry_d, dk_vineyard_2,
          minmay_crystal_room, uniq_edmund

Skill      XL: |  1  2  3  4  5  6  7 |
---------------+----------------------+-----
Earth Magic    | 4 5 6 7 9 |  9.8
Conjurations   | 1 |  1.7
Dodging        | |  1.5
Stealth        | |  2.1
Spellcasting   | |  2.5
Transmutations | |  0.7

Action                   |  1- 3 |  4- 6 |  7- 9 || total
-------------------------+-------+-------+-------++-------
Melee: Unarmed           |   102 |       |       ||   102
       Dagger            |    66 |    57 |       ||   123
       Short sword       |       |   144 |   140 ||   284
 Cast: Sandblast         |    23 |    22 |    17 ||    62
       Stone Arrow       |       |       |     3 ||     3
  Use: Scroll            |       |     7 |     2 ||     9
 Stab: Sleeping          |     1 |     2 |     1 ||     4
       Distracted        |       |     1 |       ||     1
  Eat: Chunk             |     4 |     7 |     4 ||    15
Armor: Robe              |   116 |    75 |    58 ||   249
Dodge: Dodged            |   167 |   157 |    99 ||   423
